 Dungeon Crawl Stone Soup version 0.30-a0-989-g0d87f670db (webtiles) character file.

Game seed: 4071309502695465622

8037 jtron the Grappler (level 11, -19/97 HPs)
             Began as a Pale Draconian Berserker on Apr 3, 2023.
             Was a High Priest of Trog.
             Demolished by an ogre
             ... wielding a +0 giant club
              (28 damage)
             ... on level 9 of the Dungeon.
             The game lasted 00:22:01 (8767 turns).

jtron the Grappler (Pale Draconian Berserker)       Turns: 8767, Time: 00:22:02

Health: -19/97     AC: 12    Str: 21    XL:     11   Next: 4%
Magic:  11/11      EV: 14    Int:  7    God:    Trog [*****.]
Gold:   616        SH:  0    Dex: 16    Spells: 10/10 levels left

rFire   . . .      SeeInvis +      - Unarmed
rCold   . . .      Faith    .    (no shield)
rNeg    . . .      Spirit   .    (body armour unavailable)
rPois   .          Reflect  .    (helmet restricted)
rElec   .          Rampage  .    F - +0 cloak
rCorr   .                        x - +0 pair of gloves
Will    ++...                    v - +2 pair of boots
Stlth   ++++                     (no amulet)
HPRegen 1.36/turn                d - ring of see invisible
MPRegen 0.12/turn                (no ring)

@: short of breath, strong-willed, on berserk cooldown, regenerating, slowed,
studying Fighting, very slow
A: breathe steam, AC +7, unfitting armour, cold-blooded, steam resistance, thin
skeletal structure 1
a: Breathe Steam, Renounce Religion, Berserk, Trog's Hand, Brothers in Arms


You were on level 9 of the Dungeon.
You worshipped Trog.
Trog was extremely pleased with you.
You visited 1 branch of the dungeon, and saw 9 of its levels.
You also visited: Ossuary.

You collected 616 gold pieces.

Inventory:

Hand Weapons
 a - a +0 arbalest
 f - a +0 sling
 A - a +6 great sword of freezing
Missiles
 i - 2 atropa-tipped darts
 o - 12 poisoned darts (quivered)
 y - 79 stones
Armour
 u - an orb of wrath
 v - a +2 pair of boots (worn)
 x - a +0 pair of gloves (worn)
 F - a +0 cloak (worn)
Jewellery
 d - a ring of see invisible (left hand)
 m - a ring of resist corrosion
 q - a +5 ring of evasion
 D - a +6 ring of dexterity
Wands
 t - a wand of flame (19)
 C - a wand of polymorph (5)
Scrolls
 e - 3 scrolls of vulnerability
 h - 3 scrolls of fog
 k - 6 scrolls of teleportation
 r - a scroll of fear
 w - a scroll of butterflies
 z - 2 scrolls of magic mapping
 B - 3 scrolls of identify
 E - a scroll of enchant weapon {unknown}
Potions
 c - a potion of haste
 g - a potion of brilliance
 j - a potion of berserk rage {unknown}
 l - 3 potions of curing
 n - 3 potions of might
 p - a potion of invisibility
 s - a potion of cancellation {unknown}


   Skills:
 * Level 9.4 Fighting
 + Level 1.4 Ranged Weapons
 + Level 1.4 Throwing
 + Level 5.4 Dodging
 + Level 5.2 Stealth
 * Level 14.1 Unarmed Combat
 + Level 0.2 Evocations


You had 10 spell levels left.
You didn't know any spells.
Your spell library was empty.

Dungeon Overview and Level Annotations

Branches:
Dungeon (9/15)             Temple (0/1) D:7            Lair (0/5) D:8
    Orc (0/2) D:9         Ossuary (visited)

Altars:
Dithmenos
Elyvilon
Gozag
Kikubaaqudgha
Okawaru
Qazlal
Ru
Yredelemnul
Zin


Innate Abilities, Weirdness & Mutations

You can breathe blasts of scalding, opaque steam.
Your pale cyan-grey scales are hard. (AC +7)
You cannot fit into any form of body armour.
You are cold-blooded and may be slowed by cold attacks.
You are immune to the effects of steam.
You have a somewhat thin skeletal structure. (Dex +2, Stealth+)


Message History

You punch the gnoll!
You kill the gnoll!
Trog accepts your kill.
A gnoll comes into view. It is wielding a +0 whip.
The gnoll shouts!
The gnoll sergeant hits you with a +3 spear of freezing.
* * * LOW HITPOINT WARNING * * *
You feel yourself slow down. The gnoll sergeant freezes you.
* * * LOW HITPOINT WARNING * * *
The orc warrior completely misses you.
The kobold brigand hits you but does no damage.
There is an open door, spattered with blood here.
Items here: ))) [[[ ††.
The kobold brigand attacks as you move away!
The kobold brigand hits you but does no damage.
The orc warrior attacks as you move away!
The orc warrior hits you with a +0 flail of protection.
* * * LOW HITPOINT WARNING * * *
You feel a strong urge to attack something.
The gnoll sergeant misses you.
Things that are here:
a +0 flail; a +0 plate armour You hit the orc warrior.
You tail-slap the orc warrior, but do no damage.
You punch the orc warrior!
The orc warrior is severely wounded.
The gnoll sergeant hits you from afar with a +3 spear of freezing!
* * * LOW HITPOINT WARNING * * *
The gnoll sergeant freezes you.
* * * LOW HITPOINT WARNING * * *
The orc warrior barely misses you.
You punch the orc warrior!
You kill the orc warrior!
Trog accepts your kill.
You feel yourself speed up.
You are no longer berserk.
You are exhausted.
You feel yourself slow down. The gnoll sergeant closely misses you.
The ogre hits you with a +0 giant club!!
You die...

#..#......'...# #...
#..###'####...# #.##
.........#....# #.#
.........#....# ### #.##
.........#....# #.. #...
.........########.# #...
#...#######8..T8#.# .#########...
#...##.####..ooK#.# .............
..........#..KKg@)# .......)....#
..........#..OOO#.# ..##....)...#
..........#8.gO8#.# #........#
..........#######.# ##....[...#
####'#####....# #.# ............
).))))...#....###.###########....
.#..)##..#....##............#..##
.#...##..#....##............'....
.#..)##..#....##............#....


You could see a troll, an orc warrior, 3 kobold brigands, 4 ogres, a gnoll
sergeant, a gnoll and an orc.

Vanquished Creatures
  The ghost of octoduck the Magician, a novice DjFE of Ashenzari (D:6)
  An elephant (D:8)
  Maggie (D:8)
  A troll (D:9)
  Prince Ribbit (D:6)
  A wraith (D:7)
  A shadow (D:9)
  Grum (D:8)
  8 yaks
  A basilisk (D:8)
  An acid dragon (D:7)
  Duvessa (D:4)
  A water moccasin (D:7)
  9 orc warriors
  4 black bears
  3 wolves (D:8)
  An ogre (D:6)
  A phantom (D:7)
  A centaur (D:8)
  3 kobold brigands
  An elf zombie (D:5)
  5 bullfrogs
  2 elf skeletons (D:5)
  2 gnoll sergeants (D:9)
  A scorpion (D:4)
  7 wights (D:9)
  Dowan (D:4)
  A killer bee (D:8)
  3 vampire bats (D:4)
  2 howler monkeys
  2 centaur zombies
  3 jellies
  A gnoll bouda (D:9)
  3 orc priests
  9 hounds
  6 iguanas
  3 sleepcaps
  5 orc wizards
  3 human skeletons (D:5)
  A killer bee zombie (D:6)
  A mummy (Ossuary)
  9 gnolls
  15 adders
  A shadow imp (D:8)
  3 white imps
  4 worms
  3 dart slugs
  26 orcs
  6 endoplasms
  2 giant cockroaches
  6 goblins
  8 hobgoblins
  4 jackals (D:1)
  21 kobolds
  5 quokkas
  7 ball pythons
  10 bats
  3 frilled lizards
  3 rats
240 creatures vanquished.

Vanquished Creatures (others)
  10 fungi (D:8)
  4 withered plants (Ossuary)
14 creatures vanquished.

Grand Total: 254 creatures vanquished

Notes
Turn   | Place    | Note
-------+----------+-------------------------------------------
     0 | D:1      | jtron the Draconian Berserker began the quest for the Orb.
     0 | D:1      | Reached XP level 1. HP: 19/19 MP: 1/1
   215 | D:1      | Reached XP level 2. HP: 16/26 MP: 2/2
   563 | D:1      | You fall into a shaft and drop 1 floor!
  1068 | D:2      | Reached XP level 3. HP: 25/33 MP: 3/3
  1144 | D:2      | Reached ** piety under Trog
  1281 | D:2      | Found a white marble altar of Elyvilon.
  1296 | D:2      | Reached skill level 4 in Unarmed Combat
  1615 | D:3      | Reached XP level 4. HP: 36/40 MP: 4/4
  1823 | D:3      | Identified a scroll of acquirement
  1823 | D:3      | Acquired a manual of Fighting
  2175 | D:3      | Found a shadowy altar of Dithmenos.
  2370 | D:3      | Reached XP level 5. HP: 40/46 MP: 5/5
  2580 | D:3      | Gained mutation: You are clumsy. (Dex -2) [potion of
                  | mutation]
  2580 | D:3      | Gained mutation: You are very clumsy. (Dex -4) [potion of
                  | mutation]
  2580 | D:3      | Gained mutation: Your tail ends in a venomous barb. [potion
                  | of mutation]
  2762 | D:4      | Reached skill level 5 in Unarmed Combat
  2848 | D:4      | Found an iron altar of Okawaru.
  2975 | D:4      | Reached XP level 6. HP: 53/53 MP: 6/6
  3070 | D:4      | Found an opulent altar of Gozag.
  3077 | D:4      | Reached *** piety under Trog
  3078 | D:4      | Reached skill level 1 in Stealth
  3228 | D:4      | Noticed Duvessa
  3229 | D:4      | Noticed Dowan
  3231 | D:4      | Found a glowing silver altar of Zin.
  3239 | D:4      | Killed Duvessa
  3240 | D:4      | Reached skill level 5 in Fighting
  3240 | D:4      | Reached skill level 6 in Unarmed Combat
  3250 | D:4      | Killed Dowan
  3285 | D:4      | Found an ancient bone altar of Kikubaaqudgha.
  3402 | D:4      | Your scales start taking on a pale cyan-grey colour.
  3402 | D:4      | Reached XP level 7. HP: 59/61 MP: 7/7
  3402 | D:4      | Gained mutation: You are immune to the effects of steam.
                  | [Pale Draconian growth]
  3423 | D:4      | Reached skill level 7 in Unarmed Combat
  3546 | D:5      | Entered Level 5 of the Dungeon
  3815 | D:5      | Reached skill level 8 in Unarmed Combat
  3860 | D:5      | Lost mutation: Your tail ends in a venomous barb. [potion
                  | of mutation]
  3860 | D:5      | Lost mutation: You are very clumsy. (Dex -4) [potion of
                  | mutation]
  3860 | D:5      | Lost mutation: You are clumsy. (Dex -2) [potion of
                  | mutation]
  3860 | D:5      | Gained mutation: Your body sometimes deteriorates upon
                  | taking damage. [potion of mutation]
  3860 | D:5      | Gained mutation: You possess an exceptional clarity of
                  | mind. [potion of mutation]
  3910 | D:5      | Lost mutation: You possess an exceptional clarity of mind.
                  | [potion of mutation]
  3910 | D:5      | Lost mutation: Your body sometimes deteriorates upon taking
                  | damage. [potion of mutation]
  3910 | D:5      | Gained mutation: You have sharp toenails. [potion of
                  | mutation]
  3910 | D:5      | Lost mutation: You have sharp toenails. [potion of
                  | mutation]
  3910 | D:5      | Gained mutation: You have a somewhat thin skeletal
                  | structure. (Dex +2, Stealth+) [potion of mutation]
  3960 | D:5      | Reached XP level 8. HP: 58/70 MP: 8/8
  3970 | D:5      | Found a sand-covered staircase.
  3978 | Ossuary  | Entered an ossuary
  4396 | D:6      | Noticed Prince Ribbit
  4409 | D:6      | Killed Prince Ribbit
  4410 | D:6      | Reached skill level 9 in Unarmed Combat
  4659 | D:6      | Found a runed translucent gate.
  4659 | D:6      | Found a runed translucent gate.
  4659 | D:6      | Found a runed translucent gate.
  4659 | D:6      | Noticed octoduck's ghost (novice DjFE)
  4662 | D:6      | Found a basalt altar of Yredelemnul.
  4680 | D:6      | Killed octoduck's ghost
  4681 | D:6      | Reached skill level 10 in Unarmed Combat
  4681 | D:6      | Reached XP level 9. HP: 79/79 MP: 9/9
  4819 | D:6      | Reached **** piety under Trog
  5066 | D:6      | Reached skill level 1 in Throwing
  5314 | D:7      | Found a staircase to the Ecumenical Temple.
  5407 | D:7      | Reached skill level 11 in Unarmed Combat
  6499 | D:8      | Found a staircase to the Lair.
  6499 | D:8      | Noticed an elephant
  6627 | D:8      | Reached skill level 12 in Unarmed Combat
  6724 | D:8      | Killed an elephant
  6725 | D:8      | Reached XP level 10. HP: 65/90 MP: 10/10
  6852 | D:8      | Found a sacrificial altar of Ru.
  6858 | D:8      | Noticed Maggie
  6876 | D:8      | Killed Maggie
  6877 | D:8      | Reached skill level 5 in Dodging
  6950 | D:8      | Found a stormy altar of Qazlal.
  7027 | D:8      | Identified the +2 whip "Wahat" {drain, Dex+4}
  7069 | D:8      | Noticed Grum
  7073 | D:8      | Reached ***** piety under Trog
  7077 | D:8      | Reached skill level 13 in Unarmed Combat
  7088 | D:8      | Killed Grum
  7606 | D:9      | Reached skill level 1 in Ranged Weapons
  8602 | D:9      | Reached skill level 5 in Stealth
  8678 | D:9      | Reached skill level 14 in Unarmed Combat
  8743 | D:9      | Found a staircase to the Orcish Mines.
  8747 | D:9      | Reached XP level 11. HP: 96/97 MP: 11/11
  8767 | D:9      | Demolished by an ogre

Illustrated notes

Levels and vault maps discovered:
D:1:      minmay_arrival_stair_chambers, layout_loops_corners,
          hangedman_decor_growths
D:2:      layout_rooms, basic_altar
D:3:      layout_basic, nicolae_dithmenos_shadow_blocks, minmay_puff
D:4:      nicolae_BIG_FREAKIN_CUBE, layout_rooms, okawaru_trees_2,
          nicolae_overflow_squiral, mainiacjoe_overflow_small_starburst,
          roderic_batcave, uniq_duvessa
D:5:      layout_rooms, nicolae_ossuary_entry_catacombs, serial_bayou_crossing
D:6:      layout_basic, nicolae_yredelemnul_ghost_church,
          minmay_misc_feat_cross, uniq_prince_ribbit1
D:7:      layout_basic, minmay_temple_entry_junction
D:8:      layout_cave_pools, mainiacjoe_overflow_catch_the_wave,
          david_lair_generic, wad_rectangle_vault, uniq_maggie, uniq_grum
D:9:      layout_stronghold, kennysheep_orc_monster_closet_entryway,
          roderic_lattice_a, roderic_roman_lattice, moated_statue

Skill      XL: |  1  2  3  4  5  6  7  8  9 10 |
---------------+-------------------------------+-----
Unarmed Combat | 4 5 6 8 10 12 14 | 14.1
Dodging        | 3 4 5 |  5.4
Fighting       | 4 5 7 8 9 |  9.4
Stealth        | 1 2 4 5 |  5.2
Throwing       | 1 |  1.4
Ranged Weapons | 1 |  1.4
Evocations     | |  0.2

Action                     |  1- 3 |  4- 6 |  7- 9 | 10-12 || total
---------------------------+-------+-------+-------+-------++-------
  Melee: Unarmed           |   141 |   142 |   301 |   125 ||   709
         Tailslap          |    16 |    20 |    45 |    23 ||   104
         Punch             |     5 |     4 |    22 |    10 ||    41
   Fire: Shortbow          |       |       |       |    13 ||    13
  Throw: Dart              |       |     2 |     5 |     6 ||    13
         Stone             |       |     1 |     1 |       ||     2
 Invoke: Berserk           |       |     1 |     3 |     2 ||     6
         Trog's Hand       |       |       |       |     2 ||     2
Ability: Breathe Steam     |       |       |     6 |    12 ||    18
  Evoke: Wand              |       |       |     1 |     1 ||     2
    Use: Scroll            |     5 |     6 |     8 |     1 ||    20
         Potion            |       |     1 |     3 |       ||     4
   Stab: Sleeping          |     2 |       |    12 |     5 ||    19
 Armour: Skin              |    43 |    35 |    77 |    45 ||   200
  Dodge: Dodged            |   109 |    86 |   150 |    84 ||   429

Table legend: (Time is in decaauts)
 A = Elapsed time spent in this place.
 B = Non-inter-level travel time spent in this place.
 C = Inter-level travel time spent in this place.
 D = Time resting spent in this place.
 E = Time spent auto-exploring this place.
 F = Levels seen in this place.
 G = Mean time per level.
                   A        B        C        D        E       F      G
               +--------+--------+--------+--------+--------+-----+--------+
         Total |   8733 |   8324 |    409 |    564 |   6073 |  10 |  873.3 |
       Dungeon |   8689 |   8280 |    409 |    564 |   6053 |   9 |  965.4 |
       Ossuary |     43 |     43 |      0 |      0 |     20 |   1 |   43.0 |
               +--------+--------+--------+--------+--------+-----+--------+

Top non-repeatable levels by time:
     D:9: 1413 daAuts
     D:7: 1054 daAuts
     D:1: 1038 daAuts
     D:3: 985 daAuts
     D:4: 976 daAuts
     D:6: 929 daAuts
     D:8: 906 daAuts
     D:5: 823 daAuts
     D:2: 563 daAuts
 Ossuary: 43 daAuts
